 Dungeon Crawl Stone Soup version 0.20-a0-629-gc37eb77 (webtiles) character file.

233 Azzok the Magician (level 5, 0/28 HPs)
             Began as a Deep Elf Air Elementalist on Feb 10, 2017.
             Slain by an orc
             ... wielding a +0 trident
              (6 damage)
             ... on level 4 of the Dungeon.
             The game lasted 00:11:55 (4206 turns).

Azzok the Magician (Deep Elf Air Elementalist)      Turns: 4206, Time: 00:11:56

Health: 0/28       AC:  3    Str:  5    XL:     5   Next: 74%
Magic:  4/13       EV: 14    Int: 21    God:
Gold:   209        SH:  0    Dex: 15    Spells: 4/12 levels left

rFire    . . .     SeeInvis .   d - +0 club
rCold    . . .     Gourm    .   a - +0 robe
rNeg     . . .     Faith    .   (no shield)
rPois    .         Spirit   .   e - +0 helmet
rElec    .         Reflect  .   (no cloak)
rCorr    .         Harm     .   (no gloves)
MR       .....                  (no boots)
Stlth    +++.......             t - amulet of regeneration
Regen    0.5/turn               (no ring)
                                (no ring)

@: no status effects
A: no striking features
a: no special abilities


You were on level 4 of the Dungeon.
You were not hungry.

You visited 1 branch of the dungeon, and saw 4 of its levels.

You collected 209 gold pieces.

Inventory:

Hand Weapons
 d - a +0 club (weapon)
Armour
 a - a +0 robe (worn)
 e - a +0 helmet (worn)
Jewellery
 t - an amulet of regeneration (around neck)
Scrolls
 g - a scroll of enchant weapon
 i - 3 scrolls of recharging
 j - 3 scrolls of teleportation
 l - a scroll of amnesia
 m - a scroll of blinking
 o - a scroll of remove curse
 r - a scroll of immolation
Potions
 f - a potion of brilliance {unknown}
 n - 2 potions of curing
 p - a potion of berserk rage {unknown}
 u - a potion of mutation {unknown}
 v - a potion of invisibility {unknown}
Books
 b - a book of Air

   Spells                             Type                      Level
   a - Shock                          Conjuration/Air              1
   b - Swiftness                      Charms/Air                   2
   c - Static Discharge               Conjuration/Air              3
   d - Airstrike                      Air                          4
   e - Lightning Bolt                 Conjuration/Air              5
Comestibles
 c - 4 bread rations
 h - 3 fruits
 k - 3 royal jellies
 q - 4 meat rations
 s - a chunk of flesh


   Skills:
 + Level 0.1 Fighting
 - Level 3.8 Dodging
 - Level 4.0 Stealth
 * Level 4.2 Spellcasting
 * Level 3.1 Conjurations
 * Level 4.0 Air Magic


You had 4 spell levels left.
You knew the following spells:

 Your Spells              Type           Power        Failure   Level  Hunger
a - Shock                 Conj/Air       ###.         2%          1    None
b - Swiftness             Chrm/Air       ##......     10%         2    #......
c - Lightning Bolt        Conj/Air       ###.......   78%         5    ######.


Dungeon Overview and Level Annotations

Branches:
Dungeon (4/15)
 Temple: D:4-7

Altars:
Ashenzari
Cheibriados
Fedhas
Makhleb
Trog


Message History

Casting: Shock
Confirm with . or Enter, or press ? or * to list all spells.
Aiming: Shock
Press: ? - help, Shift-Dir - straight line, f - wyvern skeleton
Aim: a wyvern skeleton The zap hits the wyvern skeleton.
The wyvern skeleton is lightly damaged.
The wyvern skeleton bites you!
* * * LOW HITPOINT WARNING * * *
The orc misses you.
Casting: Shock
Confirm with . or Enter, or press ? or * to list all spells.
Aiming: Shock
Press: ? - help, Shift-Dir - straight line, f/p - wyvern skeleton
Aim: a wyvern skeleton (lightly damaged)
The zap hits the wyvern skeleton.
The wyvern skeleton is lightly damaged.
The wyvern skeleton closely misses you.
The orc hits you from afar with a trident.
You die...

▒·· ···· ▒·· ···· ▒·▒ ·····
···· ▒·▒▒▒·▒▒···▒ ····
▒·▒·······▒▒▒
·····▒·▒····o··············
·····▒·▒··Z)····▒··········
····%·····@o·▒▒·▒··········
·······)········▒··········
▒············▒············
▒··▒▒▒········▒···········
▒····▒▒▒·············
▒▒········▒····▒····▒▒
▒·····▒▒▒···▒(······▒·
▒····▒··▒ ·········>····
▒····▒▒·▒ ▒····▒·······


You could see an orc priest, an orc and a wyvern skeleton.

Vanquished Creatures
  2 orc wizards
  3 gnolls
  8 adders
  An ooze (D:1)
  3 dart slugs
  A worm (D:3)
  2 leopard geckos
  5 orcs
  6 bats
  5 giant cockroaches
  7 goblins
  7 hobgoblins
  2 quokkas
  A ball python (D:2)
  5 frilled lizards
  4 kobolds
  6 rats
68 creatures vanquished.

Notes
Turn   | Place    | Note
-------+----------+-------------------------------------------
     0 | D:1      | Azzok the Deep Elf Air Elementalist began the quest for the Orb.
     0 | D:1      | Reached XP level 1. HP: 10/10 MP: 6/6
   301 | D:1      | Reached XP level 2. HP: 15/15 MP: 5/8
  1292 | D:2      | Reached XP level 3. HP: 19/19 MP: 5/9
  1532 | D:2      | Learned a level 2 spell: Swiftness
  1957 | D:2      | Reached XP level 4. HP: 20/24 MP: 11/11
  2952 | D:3      | Found a burning altar of Makhleb.
  3170 | D:3      | Reached XP level 5. HP: 28/28 MP: 10/12
  3561 | D:3      | Found a snail-covered altar of Cheibriados.
  3562 | D:3      | Found a bloodstained altar of Trog.
  3564 | D:3      | Found a shattered altar of Ashenzari.
  3570 | D:3      | Found a blossoming altar of Fedhas.
  3890 | D:3      | Learned a level 5 spell: Lightning Bolt
  3932 | D:3      | Noticed a cacodemon
  4206 | D:4      | Slain by an orc

Vault maps used:
D:1:      dpeg_arrival_erosion
D:2:      kennysheep_boxes
D:3:      makhleb_altar_promises_db, nicolae_overflow_quartered_altars

Skill      XL: |  1  2  3  4  5 |
---------------+----------------+-----
Dodging        | 3 |  3.8
Conjurations   | 2 3 |  3.1
Stealth        | 3 4 |  4.0
Spellcasting   | 4 |  4.2
Air Magic      | 4 |  4.0
Fighting       | |  0.1

Action                   |  1- 3 |  4- 6 || total
-------------------------+-------+-------++-------
Melee: Club              |    12 |       ||    12
       Unarmed           |     2 |       ||     2
 Cast: Shock             |    69 |   100 ||   169
  Use: Potion            |       |     2 ||     2
       Scroll            |       |     8 ||     8
  Eat: Chunk             |     3 |     7 ||    10
Armor: Robe              |     7 |     1 ||     8
Dodge: Dodged            |    31 |    30 ||    61
